 Dungeon Crawl Stone Soup version 0.24.1-1-gd1d2a07e1b (webtiles) character file.

Game seed: 6289596006597668041, levelgen mode: deterministic

3955 Fukker the Archer (level 10, -1/73 HPs)
             Began as a Centaur Arcane Marksman on Apr 11, 2020.
             Was a Believer of Okawaru.
             Slain by a killer bee (6 damage)
             ... on level 8 of the Dungeon.
             The game lasted 00:25:59 (7870 turns).

Fukker the Archer (Centaur Arcane Marksman)         Turns: 7870, Time: 00:26:01

Health: -1/73      AC:  8    Str: 15    XL:     10   Next: 2%
Magic:  15/15      EV:  8    Int: 12    God:    Okawaru [**....]
Gold:   532        SH:  0    Dex: 11    Spells: 10/11 levels left

rFire    . . .     SeeInvis .   w - +3 whip (elec)
rCold    . . .     Gourm    .   (no shield)
rNeg     . . .     Faith    .   i - +0 ring mail
rPois    .         Spirit   .   (no helmet)
rElec    .         Reflect  .   r - +0 cloak
rCorr    .         Harm     .   j - +0 pair of gloves
MR       .....                  (no barding)
Stlth    +.........             u - amulet of regeneration
HPRegen  0.62/turn              D - ring of flight
MPRegen  0.14/turn              C - ring of stealth

@: lethally poisoned (-1 -> -2), very quick
A: large, hooves 3, deformed body, speed 2, tough skin 3
a: Heroism, Renounce Religion, Evoke Flight


You were on level 8 of the Dungeon.
You worshipped Okawaru.
Okawaru was pleased with you.
You were not hungry.

You visited 2 branches of the dungeon, and saw 9 of its levels.

You collected 532 gold pieces.

Inventory:

Hand Weapons
 a - a +0 shortbow
 m - a +2 whip of venom
 p - a +0 hunting sling of freezing
 w - a +3 whip of electrocution (weapon)
Missiles
 d - 70 arrows
 g - 32 poisoned darts (quivered)
 q - 247 stones
Armour
 e - a +0 robe
 i - a +0 ring mail (worn)
 j - a +0 pair of gloves (worn)
 r - a +0 cloak (worn)
Jewellery
 u - an amulet of regeneration (around neck)
 C - a ring of stealth (right hand)
 D - a ring of flight (left hand)
Wands
 y - a wand of flame (35)
Scrolls
 b - 2 scrolls of blinking
 c - 3 scrolls of teleportation
 k - 2 scrolls of fear
 n - a scroll of enchant weapon
 z - a scroll of remove curse
 A - a scroll of amnesia
Potions
 f - a potion of agility {unknown}
 h - a potion of flight {unknown}
 l - 2 potions of brilliance
 o - a potion of haste {unknown}
 s - a potion of resistance {unknown}
 v - 4 potions of curing
 x - 2 potions of cancellation
 B - a potion of might
 F - a potion of heal wounds
Comestibles
 t - 9 rations


   Skills:
 + Level 2.1 Fighting
 + Level 5.0 Maces & Flails
 + Level 12.2 Bows
 - Level 0.2 Throwing
 - Level 4.0 Armour
 - Level 1.3 Dodging
 - Level 1.0 Spellcasting
 - Level 2.6 Hexes
 - Level 7.1 Invocations
 + Level 2.1 Evocations


You had 10 spell levels left.
You knew the following spells:

 Your Spells              Type           Power        Failure   Level  Hunger
a - Corona                Hex            #......      19%         1    ##.....

Your spell library contained the following spells:

 Spells                   Type           Power        Failure   Level  Hunger
 Slow                     Hex            #.......     28%         2    ###....
 Inner Flame              Hex/Fire       #.......     67%         3    ####...
 Portal Projectile        Hex/Tloc       #.....       67%         3    ####...
 Cause Fear               Hex            #.........   88%         4    #####..
 Leda's Liquefaction      Hex/Erth       #.........   97%         4    #####..


Dungeon Overview and Level Annotations

Branches:
Dungeon (8/15)             Temple (1/1) D:7
   Lair: D:8-11

Altars:
Ashenzari
Cheibriados
Dithmenos
Elyvilon
Fedhas
Gozag
Hepliaklqana
Kikubaaqudgha
Makhleb
Nemelex Xobeh
Okawaru
Qazlal
Ru
Sif Muna
Trog
Uskayaw
Vehumet
Wu Jian
Xom
Yredelemnul
Zin
The Shining One

Shops:
D:5 :

Annotations:
D:4 Grinder


Innate Abilities, Weirdness & Mutations

You have hooves in place of feet.
Armour fits poorly on your strangely shaped body.
You cover ground very quickly.
You have extremely tough skin. (AC +3)


Message History

The killer bee completely misses you.
Evoke which item? (* to show all) (? for menu, Esc to quit)
Aiming: Throw Flame
Press: ? - help, Shift-Dir - straight line, f - killer bee
Aim: a killer bee The puff of flame hits the killer bee!
The killer bee is heavily wounded.
The killer bee closely misses you.
The killer bee stings you but does no damage.
Evoke which item? (* to show all) (? for menu, Esc to quit)
Aiming: Throw Flame
Press: ? - help, Shift-Dir - straight line, f/p - killer bee
Aim: a killer bee (heavily wounded)
The puff of flame misses the killer bee.
The puff of flame hits the ice beast.
The ice beast melts!
The ice beast is lightly wounded.
You feel sick. The killer bee stings you!
* * * LOW HITPOINT WARNING * * *
The killer bee stings you.
You die...

..# #..<....#.##....####.......#
..####.##......#..#######.......#
..##...##......#.## ##.........#
......###.....##.#####..####.####
.......................## #.#
..............########## #.####
..............# #######..#..
............†.########..........#
...##.....o.oY.y@........####.###
..............########...## #..##
...##.o.......# #....####...
..............# #......#####
.###..........# #...##..###. .#
###.....#### ##.####.##.. .#
#.......# ####.####.##.. .#
#...#...## #......##..... ##
#...#.#)<### #......####...


You could see an ice beast, a killer bee and 2 orcs.

Vanquished Creatures
  Erica (D:7)
  A two-headed ogre (D:8)
  Pikel (Temple)
  Grum (D:8)
  A hungry ghost (D:7)
  A slave (D:7)
  An ogre (D:5)
  A phantom (D:6)
  4 wolves (D:7)
  A bullfrog (D:6)
  5 killer bees
  5 wights
  4 bullfrog zombies
  5 hounds
  6 orc priests
  4 orc wizards
  2 centaur skeletons
  5 worker ants
  A hound zombie (D:5)
  A worker ant zombie (D:8)
  8 adders
  2 shadow imps
  3 oozes
  An adder skeleton (D:4)
  An adder zombie (D:5)
  2 worms (D:3)
  3 dart slugs
  7 leopard geckos
  25 orcs
  6 bats
  4 giant cockroaches
  7 goblins
  4 hobgoblins
  6 jackals
  8 kobolds
  3 frilled lizards
  A jackal skeleton (D:5)
  4 rats
146 creatures vanquished.

Vanquished Creatures (others)
  A slave (D:7)
  A necrophage (D:7)
2 creatures vanquished.

Grand Total: 148 creatures vanquished

Notes
Turn   | Place    | Note
-------+----------+-------------------------------------------
     0 | D:1      | Fukker the Centaur Arcane Marksman began the quest for the
                  | Orb.
     0 | D:1      | Reached XP level 1. HP: 16/16 MP: 2/2
    49 | D:1      | Reached skill level 3 in Bows
   285 | D:1      | Reached XP level 2. HP: 21/23 MP: 3/3
   348 | D:1      | Reached skill level 4 in Bows
   985 | D:2      | Reached XP level 3. HP: 19/28 MP: 4/4
  1121 | D:2      | Reached skill level 5 in Bows
  1248 | D:2      | Reached XP level 4. HP: 6/35 MP: 3/5
  1737 | D:2      | Noticed a phantom
  2300 | D:3      | Reached skill level 6 in Bows
  2455 | D:3      | Found a faded altar of an unknown god.
  2679 | D:3      | Reached skill level 1 in Maces & Flails
  2692 | D:3      | Reached XP level 5. HP: 28/40 MP: 6/6
  2918 | D:3      | Found a shimmering blue altar of Sif Muna.
  3238 | D:4      | Noticed Grinder
  3257 | D:4      | Reached skill level 1 in Armour
  3312 | D:5      | Entered Level 5 of the Dungeon
  3338 | D:5      | Reached XP level 6. HP: 30/47 MP: 7/7
  3496 | D:5      | Found Xam Debi's Book Boutique.
  3642 | D:5      | Found a burning altar of Makhleb.
  3837 | D:5      | Reached XP level 7. HP: 50/52 MP: 8/8
  4624 | D:6      | Reached skill level 7 in Bows
  5224 | D:6      | Reached skill level 8 in Bows
  5424 | D:7      | Noticed a hungry ghost
  5487 | D:7      | Noticed Pikel
  5507 | D:7      | Killed a hungry ghost
  5507 | D:7      | Reached skill level 9 in Bows
  5507 | D:7      | Reached XP level 8. HP: 59/59 MP: 9/9
  5516 | D:7      | Found a staircase to the Ecumenical Temple.
  5543 | Temple   | Entered the Ecumenical Temple
  5610 | Temple   | Became a worshipper of Warmaster Okawaru
  5640 | Temple   | Killed Pikel
  5640 | Temple   | Reached skill level 10 in Bows
  6358 | D:7      | Reached skill level 11 in Bows
  6919 | D:8      | Noticed Grum
  6948 | D:7      | Reached * piety under Okawaru
  6948 | D:7      | Reached XP level 9. HP: 31/64 MP: 10/10
  6992 | D:8      | Noticed Erica
  7071 | D:7      | Killed Erica
  7071 | D:7      | Reached skill level 5 in Invocations
  7071 | D:7      | Reached skill level 1 in Evocations
  7194 | D:7      | Reached ** piety under Okawaru
  7302 | D:8      | Noticed a two-headed ogre
  7531 | D:8      | Killed Grum
  7842 | D:8      | Killed a two-headed ogre
  7842 | D:8      | Reached skill level 5 in Maces & Flails
  7842 | D:8      | Reached skill level 12 in Bows
  7842 | D:8      | Reached XP level 10. HP: 11/73 MP: 12/15
  7870 | D:8      | Slain by a killer bee

Levels and vault maps discovered:
D:1:      lemuel_arrival_muddy, layout_basic
D:2:      layout_loops_cross
D:3:      layout_rooms, chequers_ecumenical_altar_simple, kennysheep_flooded_box
D:4:      layout_gridville, first_ration, uniq_grinder
D:5:      layout_loops_ring, marbit_many_paths, serial_shops, shop,
          st_stairs_12, hangedman_decor_points
D:6:      layout_loops_cross, small_statue_intersection
D:7:      layout_cave_pods, minmay_temple_entry_arrows, uniq_pikel
D:8:      layout_rooms, uniq_grum, uniq_erica
Temple:   nicolae_temple_the_god_donut

Skill      XL: |  1  2  3  4  5  6  7  8  9 |
---------------+----------------------------+-----
Bows           | 3 4 5 6 9 11 12 | 12.2
Maces & Flails | 1 2 4 5 |  5.0
Armour         | 1 2 3 4 |  4.0
Invocations    | 7 |  7.1
Evocations     | 2 |  2.1
Fighting       | 2 |  2.1
Throwing       | |  0.2
Dodging        | |  1.3
Spellcasting   | |  1.0
Hexes          | |  2.6

Action                   |  1- 3 |  4- 6 |  7- 9 | 10-12 || total
-------------------------+-------+-------+-------+-------++-------
Melee: Whip              |       |   162 |   247 |     5 ||   414
       Kick              |       |    40 |    43 |       ||    83
       Punch             |       |       |     1 |       ||     1
 Fire: Shortbow          |   101 |    27 |   129 |       ||   257
Throw: Dart              |     4 |       |    37 |       ||    41
 Cast: Corona            |     1 |     2 |     5 |       ||     8
Invok: Heroism           |       |       |     4 |       ||     4
Evoke: Wand              |       |       |     4 |     2 ||     6
  Use: Potion            |     1 |     1 |     2 |       ||     4
       Scroll            |       |     4 |     8 |       ||    12
  Eat: Chunk             |       |     3 |     9 |       ||    12
       Ration            |       |     1 |     1 |       ||     2
Armor: Robe              |    23 |       |       |       ||    23
       Ring mail         |       |    71 |   124 |     3 ||   198
Dodge: Dodged            |    37 |    59 |    89 |     5 ||   190
